 Dungeon Crawl Stone Soup version 0.31-a0-361-g0f8bd3a31e (webtiles) character file.

Game seed: 14511406705143949034

102 AIAndy the Ruffian (level 4, -2/28 HPs)
             Began as an Octopode Shapeshifter on July 27, 2023.
             Was an Initiate of Makhleb.
             Slain by an orc wizard
             ... wielding a +0 dagger
              (4 damage)
             ... on level 4 of the Dungeon.
             The game lasted 00:04:13 (2010 turns).

AIAndy the Ruffian (Octopode Shapeshifter)          Turns: 2010, Time: 00:04:14

Health: -2/28      AC:  1    Str: 16    XL:     4   Next: 77%
Magic:  13/13      EV: 13    Int: 10    God:    Makhleb [......]
Gold:   135        SH:  0    Dex: 12    Spells: 3/3 levels left

rFire   . .          .
                       - Unarmed
rCold   . . .        (no shield)
rNeg    . . .        (helmet currently unavailable)
rPois   .            (no amulet)
rElec   .            W - ring of magical power
rCorr   .            (no ring)
SInv    .            (no ring)
Will    .....        (no ring)
Stlth   ++           (no ring)
HPRegen 0.24/turn    (no ring)
MPRegen 0.13/turn    (no ring)
                     (no ring)

%: no passive effects
@: beast-form
A: beast (slay +2), almost no armour, amphibious, 8 rings, camouflage 1,
gelatinous body 1, (nimble swimmer 1), tentacles
a: Begin Untransformation, Renounce Religion


You were on level 4 of the Dungeon.
You worshipped Makhleb.
Makhleb was noncommittal.
You were a hulking beast.
You visited 1 branch of the dungeon, and saw 4 of its levels.

You collected 135 gold pieces.


Innate Abilities, Weirdness & Mutations

You are a hulking beast.
Your limbs bulge with bestial killing power. (Slay +2)
You cannot wear most types of armour.
You are amphibious.
You can wear up to eight rings at the same time.
Your skin changes colour to match your surroundings (Stealth+).
Your rubbery body absorbs attacks. (AC +1, EV +1)
((You are camouflaged when in or above water. (Stealth+)))
You have tentacles for arms and can constrict up to eight enemies at once.


   Skills:
 - Level 1.0 Fighting
 - Level 2.0 Dodging
 + Level 4.3 Unarmed Combat
 + Level 3.9 Shapeshifting


You had 3 spell levels left.
You didn't know any spells.
Your spell library contained the following spells:

 Spells                   Type           Power      Damage    Failure   Level
 Wereblood                Tmut           0%         N/A       50%         2
 Irradiate                Conj/Tmut      0%         3d11      100%        5

Inventory:

Jewellery
 W - a ring of magical power (left tentacle)
Talismans
 b - a beast talisman
Scrolls
 d - 2 scrolls of fear {unknown}
 g - a scroll of identify {unknown}
 j - a scroll of noise {unknown}
 k - a scroll of teleportation {unknown}
Potions
 a - a potion of lignification {!q}
 c - a potion of resistance {unknown}
 e - a potion of cancellation {unknown}
 f - a potion of invisibility {unknown}
 h - a potion of enlightenment {unknown}
 i - 3 potions of curing {unknown}

Dungeon Overview and Level Annotations

Branches:
Dungeon (4/15)
 Temple: D:4-7

Altars:
Makhleb

#..........####.##
#..#######.#
#..#######†#
#..........###
##.#..#####...##.#
#................#
.#?.........####
##.######..# #h#
..# #{# ..# #o#
:.# #.# ..# #.#
#.# #.# ... ###


You could see an orc.


Message History

You tentacle-slap something but do no damage.
You squeeze something.
You hear some strange, mumbled words.
A magic dart appears from out of thin air!
The magic dart hits you!
You closely miss something. Something hits you.
* * * LOW HITPOINT WARNING * * *
You are too injured to fight recklessly!
You are too injured to fight recklessly!
You are too injured to fight recklessly!
You miss something.
You hear some strange, mumbled words.
You are confused.
You bump into the rock wall.
Something barely misses you.
You barely miss something. Something hits you.
* * * LOW HITPOINT WARNING * * *
Something hits you but does no damage.
You bump into the rock wall.
Something hits you.
* * * LOW HITPOINT WARNING * * *
You bump into the rock wall.
Something hits you.
* * * LOW HITPOINT WARNING * * *
You bump into the rock wall.
Something hits you.
* * * LOW HITPOINT WARNING * * *
You bump into the rock wall.
Something hits you.
* * * LOW HITPOINT WARNING * * *
Okay, then.
You completely miss something.
You feel less confused. Something hits you.
You die...

Skill      XL: |  1  2  3 |
---------------+----------+-----
Unarmed Combat | 4 |  4.3
Fighting       | |  1.0
Dodging        | |  2.0
Shapeshifting  | |  3.9

Action                     |  1- 3 |  4- 6 || total
---------------------------+-------+-------++-------
  Melee: Unarmed           |    63 |    28 ||    91
         Constrict         |    17 |     5 ||    22
         Tentacles         |    10 |     4 ||    14
         Punch             |     2 |     1 ||     3
    Use: Potion            |     1 |       ||     1
   Stab: Sleeping          |     6 |     3 ||     9
 Armour: Skin              |    22 |     1 ||    23
  Dodge: Dodged            |    29 |    12 ||    41

Levels and vault maps discovered:
D:1:      scummos_arrival_hexagon, layout_loops_ring,
          chequers_serial_rivers_marsh, chequers_avenue
D:2:      layout_loops_corners, shapermc_ecumenical_altar_mp_ritualfount,
          nrook_mini_backslash, mrwooster_statue_mirror
D:3:      minmay_chambers_of_twos, layout_basic, makhleb_altar_promises_db,
          minmay_bisected, uniq_jessica
D:4:      layout_loops_ring, uniq_eustachio

Notes
Turn   | Place    | Note
-------+----------+-------------------------------------------
     0 | D:1      | AIAndy the Octopode Shapeshifter began the quest for the
                  | Orb.
     0 | D:1      | Reached XP level 1. HP: 13/13 MP: 1/1
   160 | D:1      | Reached XP level 2. HP: 15/18 MP: 2/2
   732 | D:2      | Reached XP level 3. HP: 23/23 MP: 3/3
  1457 | D:2      | Found a faded altar of an unknown god.
  1653 | D:3      | Found a burning altar of Makhleb.
  1653 | D:3      | Noticed a cacodemon
  1689 | D:3      | Reached skill level 4 in Unarmed Combat
  1689 | D:3      | Reached XP level 4. HP: 11/28 MP: 4/4
  1827 | D:3      | Noticed a hellwing
  1827 | D:3      | Noticed a neqoxec
  1829 | D:3      | Became a worshipper of Makhleb the Destroyer
  2009 | D:4      | HP: 2/28 [something (4)]
  2010 | D:4      | Slain by an orc wizard

Vanquished Creatures
  An orc wizard (D:3)
  2 adders (D:3)
  A worm (D:2)
  3 dart slugs
  6 orcs
  2 bats
  2 endoplasms (D:1)
  4 goblins
  5 hobgoblins
  3 jackals (D:1)
  A quokka (D:1)
  7 ball pythons
  3 frilled lizards
  2 kobolds
  3 rats
45 creatures vanquished.

Table legend: (Time is in decaauts)
 A = Elapsed time spent in this place.
 B = Non-inter-level travel time spent in this place.
 C = Inter-level travel time spent in this place.
 D = Time resting spent in this place.
 E = Time spent auto-exploring this place.
 F = Levels seen in this place.
 G = Mean time per level.
                   A        B        C        D        E       F      G
               +--------+--------+--------+--------+--------+-----+--------+
         Total |   2002 |   1917 |     85 |    112 |   1509 |   4 |  500.5 |
       Dungeon |   2002 |   1917 |     85 |    112 |   1509 |   4 |  500.5 |
               +--------+--------+--------+--------+--------+-----+--------+

Top non-repeatable levels by time:
     D:2: 968 daAuts
     D:1: 674 daAuts
     D:3: 230 daAuts
     D:4: 129 daAuts

Table legend:
 A = Non-vault XP
 B = Vault XP
 C = Vault XP percentage of total XP
 D = Non-vault monster count
 E = Vault monster count
 F = Vault count percentage of total count
                 A         B        C        D         E       F
            +---------+---------+-------+---------+---------+-------
      Total |     146 |       0 |   0.0 |      45 |       0 |   0.0
            +---------+---------+-------+---------+---------+-------
        D:1 |      30 |       0 |   0.0 |      17 |       0 |   0.0
        D:2 |      23 |       0 |   0.0 |      10 |       0 |   0.0
        D:3 |      81 |       0 |   0.0 |      13 |       0 |   0.0
        D:4 |      12 |       0 |   0.0 |       5 |       0 |   0.0
            +---------+---------+-------+---------+---------+-------
